[Event "*** Titled Tuesday Blitz"]
[Site "Chess.com"]
[Date "2020.12.01"]
[Round "4"]
[White "plumalka"]
[Black "frederiksvane"]
[Result "0-1"]
[WhiteElo "2491"]
[BlackElo "2720"]
[TimeControl "180+1"]
[EndTime "10:38:28 PST"]
[Termination "frederiksvane won by resignation"]

1. e4 c5 2. Nf3 g6 3. d4 cxd4 4. Qxd4 Nf6 5. e5 Nc6 6. Qa4 Nd5 7. Qe4 Nb6 8. Nc3 Bg7 9. Bf4 d5 10. exd6 Bf5 11. Qe3 O-O 12. Bb5 exd6 13. Bxc6 bxc6 14. O-O Nc4 15. Qc1 Qb6 16. Na4 Qb4 17. b3 Ne5 18.
Nxe5 dxe5 19. Be3 Rfd8 20. Bc5 Qe4 21. c4 Qh4 22. Qe3 Rd3 23. Qe2 e4 24. Rad1 Be5 25. g3 Qf6 26. Rfe1 h5 27. Bb4 Bg4 28. Qxe4 Rxd1 29.
Rxd1 Bxd1 30. Nc5 Bf3 31. Qe1 Rd8 32. Ba5 Rd1 0-1

[Event "*** Titled Tuesday Blitz"]
[Site "Chess.com"]
[Date "2020.12.01"]
[Round "4"]
[White "Zorbos"]
[Black "Onischuk_V"]
[Result "0-1"]
[WhiteElo "2529"]
[BlackElo "2837"]
[TimeControl "180+1"]
[EndTime "10:38:28 PST"]
[Termination "Onischuk_V won by resignation"]

1. c4 d6 2. Nc3 g6 3. Nf3 Bg7 4. d4 e5 5. g3 Nc6 6. d5 Nce7 7. e4 f5 8. Bg2 Nf6 9. O-O O-O 10. Ng5 h6 11. Ne6 Bxe6 12. dxe6 c6 13. b3 Qc7 14. Ba3 Rad8 15. Qc2 f4 16. Rfd1 g5 17. Rd3 c5 18. Rad1 Nc6 19. Nd5 Nxd5 20. exd5 Nd4 21. Rxd4 exd4 22. Qe4 Qe7 23. Bf1 Be5 24.
Qg6+ Bg7 25. Bd3 Rf6 26. Qh7+ Kf8 27. Bg6 Rc8 28. Bc1 Rc7 29. Re1 fxg3 30. fxg3 Rf3 31.
Be4 d3 32. Kh1 Qf6 33. Qg6 Rf1+ 34. Kg2 Rxe1 35. Kh3 Qxg6 36. Bxg6 0-1

[Event "*** Titled Tuesday Blitz"]
[Site "Chess.com"]
[Date "2020.12.01"]
[Round "4"]
[White "Keures"]
[Black "biostatistician"]
[Result "0-1"]
[WhiteElo "2241"]
[BlackElo "2575"]
[TimeControl "180+1"]
[EndTime "10:38:28 PST"]
[Termination "biostatistician won by resignation"]

1. d4 Nf6 2. c4 g6 3. Nc3 Bg7 4. e4 d6 5. Nf3 O-O 6. h3 c5 7. d5 e6 8. Bd3 exd5 9. cxd5 a6 10. a4 Nbd7 11. O-O Nh5 12. g4 Nhf6 13. Bf4 Qe7 14.
Re1 Ne5 15. Nxe5 dxe5 16. Bg5 h6 17. Bh4 Qd6 18. a5 h5 19. f3 hxg4 20. hxg4 Nh7 21. Na4 Bd7 22. Nb6 Rae8 23. Qe2 Bh6 24. Nc4 Qb8 25.
Bg3 Ng5 26. Kg2 Bg7 27. Qe3 f6 28. Qxc5 f5 29. gxf5 gxf5 30. Nb6 fxe4 31. Nxd7 exf3+ 32. Kf2 Nh3+ 33. Kf1 Qd8 34. Nxf8 Qg5 35. Qf2 Nxf2 36. Kxf2 Qd2+ 37. Be2 Rxf8 0-1

[Event "*** Titled Tuesday Blitz"]
[Site "Chess.com"]
[Date "2020.12.01"]
[Round "4"]
[White "arjwezhrtdrz"]
[Black "bylavochka"]
[Result "0-1"]
[WhiteElo "2306"]
[BlackElo "2199"]
[TimeControl "180+1"]
[EndTime "10:38:28 PST"]
[Termination "bylavochka won by resignation"]

1. e4 c5 2. c3 Nf6 3. e5 Nd5 4. Nf3 Nc6 5. d4 cxd4 6. cxd4 d6 7. Bc4 Nb6 8. Bb5 d5 9. O-O Bd7 10. Nc3 e6 11. Bg5 Be7 12. Bxe7 Qxe7 13. Rc1 O-O 14. Bd3 Rfc8 15. Qd2 Nb4 16. Bb1 Nc4 17. Qe2 a6 18.
a3 Nc6 19. Bd3 b5 20. h4 b4 21. axb4 Nxb4 22. Bb1 Rab8 23. Bxh7+ Kxh7 24. Ng5+ Kh6 25. g3 f6 26. Nh3 Nc6 27. Nf4 g6 28. exf6 Qxf6 29. Ng2 Nxd4 30. Qd1 Nf3+ 31. Kh1 Qf5 32. g4 Qxg4 33. Nf4 Qxf4 34. Kg2 Qg4+ 0-1

[Event "*** Titled Tuesday Blitz"]
[Site "Chess.com"]
[Date "2020.12.01"]
[Round "4"]
[White "Morshynska"]
[Black "karinachess1"]
[Result "0-1"]
[WhiteElo "2257"]
[BlackElo "2487"]
[TimeControl "180+1"]
[EndTime "10:38:30 PST"]
[Termination "karinachess1 won on time"]

1. Nf3 Nf6 2. g3 g6 3. Bg2 Bg7 4. O-O O-O 5. d4 d6 6. b3 c5 7. Bb2 cxd4 8. Nxd4 d5 9. Nf3 Nc6 10. Ne5 Qc7 11. Nxc6 bxc6 12. c4 e5 13. cxd5 cxd5 14. Qc1 Qb8 15. e3 Bb7 16. Nc3 d4 17. exd4 Bxg2 18.
Kxg2 exd4 19. Na4 Qb7+ 20. Kg1 Ng4 21. Nc5 Qd5 22. Nd3 Qh5 23. h4 Qf5 24. Qd1 Rad8 25. Kg2 Rfe8 26. Qf3 Qxf3+ 27. Kxf3 Nh2+ 28. Kg2 Nxf1 29. Kxf1 Rc8 30. Rd1 Rc2 31. h5 gxh5 32. Kg2 Ree2 33.
Ba3 Rxa2 34. Bc5 Rad2 35. Rxd2 Rxd2 36. Nf4 a6 37. b4 Rc2 38. Kf3 a5 39. Nd3 a4 40. b5 a3 41. Bxa3 Rc3 42. Ke4 Rxa3 43. b6 Rb3 0-1

[Event "*** Titled Tuesday Blitz"]
[Site "Chess.com"]
[Date "2020.12.01"]
[Round "4"]
[White "sokidze"]
[Black "ChessteacherPalmS"]
[Result "0-1"]
[WhiteElo "2491"]
[BlackElo "2322"]
[TimeControl "180+1"]
[EndTime "10:38:31 PST"]
[Termination "ChessteacherPalmS won by resignation"]

1. e4 e6 2. d4 d5 3. Nd2 dxe4 4. Nxe4 Nf6 5. Nxf6+ gxf6 6. Nf3 b6 7. Bb5+ c6 8.
Bd3 Qc7 9. c3 Bb7 10. Qc2 h5 11. a4 a5 12. Be3 Nd7 13. Nd2 f5 14. f3 Bd6 15. O-O-O Bxh2 16. Nc4 Bf4 17. Qd2 Bxe3 18. Qxe3 O-O-O 19. Bc2 Rdg8 20. Rd2 h4 21. Ne5 Nxe5 22.
dxe5 Rd8 23. Rxd8+ Qxd8 24. Rd1 Qc7 25. b4 axb4 26.
cxb4 Rd8 27. Rxd8+ Qxd8 28. Qf4 c5 29. bxc5 bxc5 30. Qc4 Qd4 31. Qxd4 cxd4 32. Kd2 Bxf3 33. Ke1 Bxg2 34. Kf2 Be4 35. Bb3 d3 36. Bd1 Kc7 37.
Kg1 Kc6 38. Kh2 Kd5 39. a5 Kxe5 40. Kh3 Kd4 41. Kxh4 Kc3 42. Kg3 Kd2 43. Ba4 Ba8 44.
a6 e5 45. Kf2 f4 0-1

[Event "*** Titled Tuesday Blitz"]
[Site "Chess.com"]
[Date "2020.12.01"]
[Round "4"]
[White "scarabee43"]
[Black "PetrolulSah"]
[Result "1-0"]
[WhiteElo "2570"]
[BlackElo "2219"]
[TimeControl "180+1"]
[EndTime "10:38:34 PST"]
[Termination "scarabee43 won on time"]

1. d4 Nf6 2. c4 g6 3. Nc3 d5 4. cxd5 Nxd5 5. e4 Nxc3 6. bxc3 Bg7 7. Nf3 c5 8. Bb5+ Bd7 9. Be2 O-O 10. O-O cxd4 11.
cxd4 Nc6 12. Be3 Bg4 13. d5 Ne5 14. Nxe5 Bxe2 15. Qxe2 Bxe5 16. Rad1 b6 17. Bh6 Re8 18. f4 Bg7 19. Bxg7 Kxg7 20. e5 Rc8 21. f5 Rc5 22.
Qe3 f6 23. Qf3 fxe5 24. fxg6 Rf8 25. Qh5 hxg6 26. Qxe5+ Kh7 27. Rfe1 Rf7 28. Re3 Kg8 29.
Rh3 Rh7 30. Qe6+ Kg7 31. Rf3 Kh6 32. Rh3+ Kg7 33. Rf3 Kh6 34. Rd4 Rc1+ 35. Kf2 Rc2+ 36. Kg3 1-0

[Event "*** Titled Tuesday Blitz"]
[Site "Chess.com"]
[Date "2020.12.01"]
[Round "4"]
[White "MatyChess1"]
[Black "AcsinteMatei"]
[Result "1-0"]
[WhiteElo "2554"]
[BlackElo "2315"]
[TimeControl "180+1"]
[EndTime "10:38:34 PST"]
[Termination "MatyChess1 won on time"]

1. e4 c6 2. Nc3 d5 3. Nf3 Bg4 4.
h3 Bxf3 5. Qxf3 e6 6. Be2 Nd7 7. O-O Bd6 8. d4 Ne7 9. Rd1 Ng6 10. g3 Qc7 11. Bd3 dxe4 12. Nxe4 Be7 13. h4 O-O-O 14.
h5 f5 15. hxg6 fxe4 16. Qxe4 hxg6 17. Qxe6 Bd6 18. Qxg6 Nf6 19. Kg2 Rdf8 20. c4 Kb8 21. c5 Be7 22. Bf4 Qxf4 23. gxf4 Nh5 24. Qe4 Nxf4+ 25.
Kf1 Bh4 26. Be2 Nh3 27. f3 Nf2 28. Qe5+ Ka8 29. d5 Ng4 30. Qd4 Nh2+ 31. Kg2 Bf6 32. dxc6 1-0

[Event "*** Titled Tuesday Blitz"]
[Site "Chess.com"]
[Date "2020.12.01"]
[Round "4"]
[White "Neftegor"]
[Black "elamier"]
[Result "1-0"]
[WhiteElo "2521"]
[BlackElo "2308"]
[TimeControl "180+1"]
[EndTime "10:38:34 PST"]
[Termination "Neftegor won on time"]

1. Nf3 Nf6 2. c4 g6 3. d4 d5 4. Nc3 Bg7 5. Qb3 dxc4 6. Qxc4 O-O 7. e4 a6 8. e5 b5 9. Qb3 Be6 10. exf6 Bxb3 11. fxg7 Kxg7 12. axb3 Nc6 13. Be3 Nb4 14. Rc1 c6 15. Be2 Qd7 16. O-O Qe6 17. Nd2 f5 18. Bf4 h6 19. Rfe1 Qf7 20. Be5+ Kh7 21.
Bf1 Rfd8 22. Nd1 Rac8 23. Rc5 a5 24. Ne3 Na6 25. Rc3 c5 26. Nf3 cxd4 27. Bxd4 Nb4 28. Bxb5 Nd5 29. Bc4 e6 30. Nxd5 exd5 31. Bd3 Re8 32.
Ne5 Qe6 33. f4 Rxc3 34. bxc3 Rb8 35. Bc2 Qd6 36. h3 Rb7 37. Nd3 Qa3 38. Re2 Qa1+ 39. Kh2 Qf1 40. Rf2 Qa1 41. Ne5 Re7 42. g4 Qe1 43.
gxf5 gxf5 44. Bxf5+ Kg8 45. Rg2+ 1-0

[Event "*** Titled Tuesday Blitz"]
[Site "Chess.com"]
[Date "2020.12.01"]
[Round "4"]
[White "Mazetovic"]
[Black "AldokhinIvan"]
[Result "1-0"]
[WhiteElo "2717"]
[BlackElo "2490"]
[TimeControl "180+1"]
[EndTime "10:38:35 PST"]
[Termination "Mazetovic won on time"]

1. e4 c5 2. Nf3 e6 3. c4 a6 4. Nc3 Qc7 5. d4 cxd4 6. Nxd4 Nf6 7. Be2 d6 8. O-O Be7 9. f4 Nbd7 10. Be3 b6 11. Rc1 Bb7 12. Bf3 O-O 13. g4 h6 14. h4 Nc5 15. Qc2 Ne8 16. g5 hxg5 17. hxg5 g6 18. b4 Nd7 19. Qh2 Ng7 20. Kf2 f5 21. Nxe6 Nxe6 22. Nd5 Qd8 23. Rh1 Ng7 24. Bd4 Ne5 25. fxe5 dxe5 26. Qh7+ Kf7 27. Bxe5 Rg8 28. exf5 gxf5 29. Bxg7 Rxg7 30. Qxf5+ Kg8 31. Qe6+ Rf7 32. g6 Bh4+ 33. Ke2 Qf8 34. gxf7+ Kg7 35.
Rcg1+ 1-0

[Event "*** Titled Tuesday Blitz"]
[Site "Chess.com"]
[Date "2020.12.01"]
[Round "4"]
[White "AlexeiShirov"]
[Black "Titus369"]
[Result "1-0"]
[WhiteElo "2855"]
[BlackElo "2586"]
[TimeControl "180+1"]
[EndTime "10:38:36 PST"]
[Termination "AlexeiShirov won by resignation"]

1. e4 c5 2. Nf3 d6 3. d4 cxd4 4.
Nxd4 Nf6 5. Nc3 a6 6. h3 e6 7. g4 d5 8. exd5 Nxd5 9. Nde2 Bb4 10. Bg2 Nxc3 11. Qxd8+ Kxd8 12. Nxc3 Ke7 13. Bd2 Nc6 14. O-O-O Rd8 15. a3 Bc5 16. Ne4 Bd4 17. c3 Be5 18. f4 Bc7 19. Rhe1 Kf8 20. Be3 Bd7 21. Nc5 Bc8 22. Rxd8+ Bxd8 23. Rd1 Ke8 24. Ne4 Be7 25. Nd6+ Bxd6 26. Rxd6 Bd7 27. Bb6 Rc8 28. Kc2 Ke7 29.
Rd2 f6 30. b4 Be8 31. Kb2 h5 32. a4 hxg4 33. hxg4 Bf7 34. b5 axb5 35. axb5 Nb8 36. Bxb7 Rc4 37. Rd4 Rxd4 38. Bxd4 Kd6 39. Ka3 e5 40.
fxe5+ fxe5 41. Ba7 Nd7 42. Kb4 Nf6 43. g5 Nd5+ 44.
Bxd5 Bxd5 45. c4 Bf3 46. Be3 g6 47. Ka5 Kc7 48. Bf2 Kb7 49. c5 e4 50. Be3 Be2 51. c6+ Kc7 52. Bf4+ Kc8 53. b6 1-0

[Event "*** Titled Tuesday Blitz"]
[Site "Chess.com"]
[Date "2020.12.01"]
[Round "4"]
[White "GP9isback23"]
[Black "Azerichess"]
[Result "0-1"]
[WhiteElo "2521"]
[BlackElo "2955"]
[TimeControl "180+1"]
[EndTime "10:38:36 PST"]
[Termination "Azerichess won by resignation"]

1. d4 d5 2. Nf3 Nf6 3. c4 c6 4. e3 e6 5. Nc3 Nbd7 6. Be2 g6 7.
O-O Bg7 8. b3 O-O 9. Ba3 Re8 10.
Rc1 b6 11. b4 a6 12. Qb3 b5 13.
cxd5 cxd5 14. Bb2 Nb6 15. a4 bxa4 16. Nxa4 Nxa4 17. Qxa4 Bd7 18. Qc2 Ne4 19. Nd2 Nd6 20.
Nb3 Bb5 21. Nc5 Nc4 22. Bc3 Bf8 23. Ra1 Bd6 24. Ra2 Re7 25. Rfa1 Rea7 26. Be1 h5 27. Bf3 Kg7 28. Qc1 Qf6 29. e4 Bf4 30. Qc2 Qd8 31. Bc3 Bg5 32. e5 Be7 33. Bd1 Qb6 34. Qc1 a5 35.
bxa5 Nxa5 36. Bxa5 Rxa5 37. Rxa5 Rxa5 38. Rxa5 Qxa5 39. Bf3 Bc4 40. h3 Qb6 41. Qf4 Qb2 42. g4 hxg4 43. hxg4 Qb1+ 44. Kg2 Qf1+ 45. Kh2 Qxf2+ 46.
Kh3 Bf1+ 0-1

[Event "*** Titled Tuesday Blitz"]
[Site "Chess.com"]
[Date "2020.12.01"]
[Round "4"]
[White "sergeikim"]
[Black "Zkid"]
[Result "1-0"]
[WhiteElo "2529"]
[BlackElo "2772"]
[TimeControl "180+1"]
[EndTime "10:38:36 PST"]
[Termination "sergeikim won on time"]

1. d4 d5 2. c4 dxc4 3. e3 Nf6 4. Bxc4 e6 5. Nf3 c5 6. O-O a6 7. a4 Nc6 8. Qe2 Be7 9. Rd1 Qc7 10. Nc3 O-O 11. b3 cxd4 12. exd4 Nb4 13. Bb2 b6 14. Rac1 Qf4 15. d5 Bc5 16. dxe6 Bxe6 17. Bxe6 fxe6 18.
Qxe6+ Kh8 19. Ne2 Qh6 20. Bxf6 Rae8 21. Qd7 Qxf6 22. Ng3 Rd8 23. Qg4 Nd3 24. Ne4 Qb2 25. Rb1 Nxf2 26. Nxf2 Qxf2+ 27. Kh1 Rxd1+ 28. Rxd1 Qc2 29.
Ng5 Qxb3 30. h3 Re8 31. Qh5 Qxd1+ 32. Qxd1 h6 33. Nf3 a5 34. Qd7 Re7 35. Qd8+ Kh7 36. g4 Re3 37. Kg2 Re2+ 38. Kg3 Bf2+ 39. Kf4 1-0

[Event "*** Titled Tuesday Blitz"]
[Site "Chess.com"]
[Date "2020.12.01"]
[Round "4"]
[White "KononenkoD"]
[Black "Malev212"]
[Result "0-1"]
[WhiteElo "2364"]
[BlackElo "2543"]
[TimeControl "180+1"]
[EndTime "10:38:36 PST"]
[Termination "Malev212 won on time"]

1. d4 d5 2. c4 e6 3. Nf3 Nf6 4. g3 c5 5. cxd5 exd5 6. Bg2 cxd4 7. O-O Bc5 8. Nxd4 O-O 9. Nc3 Bxd4 10. Qxd4 Nc6 11. Qa4 d4 12. Ne4 Nxe4 13. Bxe4 Qe7 14. Qc2 h6 15. Bd2 Re8 16. Bh7+ Kh8 17. Bd3 Bh3 18. Rfe1 Ne5 19. Rac1 Qf6 20. Bf4 Nxd3 21. Qxd3 Rad8 22. Rc7 Bf5 23. Qd1 Be4 24. Qb3 Bd5 25.
Qb4 Kg8 26. h4 Bc6 27. a4 Re4 28. Qd2 Rde8 29. b4 R4e6 30. b5 Be4 31. a5 d3 32.
exd3 Bf3 33. Rxe6 Qxe6 34. Kh2 Qg4 35. Be3 g5 0-1

[Event "*** Titled Tuesday Blitz"]
[Site "Chess.com"]
[Date "2020.12.01"]
[Round "4"]
[White "GM4life"]
[Black "Lupul_Cenusiu"]
[Result "1-0"]
[WhiteElo "2352"]
[BlackElo "2576"]
[TimeControl "180+1"]
[EndTime "10:38:38 PST"]
[Termination "GM4life won by checkmate"]

1. e4 c5 2. Nf3 e6 3. d4 cxd4 4. Nxd4 a6 5. c4 Nf6 6. Nc3 d6 7. Be2 h5 8. Be3 Nbd7 9. O-O b6 10. f3 Bb7 11. Rc1 Rc8 12. Qd2 Be7 13. a3 Ne5 14. b3 h4 15. Rfd1 h3 16. g3 Qc7 17. b4 Qb8 18.
Na4 Bd8 19. Nb3 Bc6 20. b5 axb5 21. cxb5 Qa7 22. Nc3 Bd7 23. Qxd6 Bc7 24. Qb4 Qb8 25. Na4 Qb7 26. Bf4 Qb8 27. Nd4 Bd6 28. Rxc8+ Bxc8 29. Bxe5 Bxb4 30. Bxb8 Bxa3 31. Nc6 Nd7 32. Bd6 Bxd6 33.
Rxd6 f6 34. Nxb6 Nxb6 35. Rd8+ Kf7 36. Rxh8 e5 37. Bc4+ Kg6 38. Ne7+ Kg5 39. Nxc8 Nxc4 40. Rxh3 f5 41. exf5 e4 42. fxe4 Nd2 43. b6 Nxe4 44. b7 Nf6 45. b8=Q Kxf5 46. Qf4+ Ke6 47. Qe3+ Kf7 48. Nd6+ Kg6 49. Qd3+ Kg5 50. Qf5# 1-0

[Event "*** Titled Tuesday Blitz"]
[Site "Chess.com"]
[Date "2020.12.01"]
[Round "4"]
[White "sopo-tereladze"]
[Black "ural58"]
[Result "1-0"]
[WhiteElo "2297"]
[BlackElo "2434"]
[TimeControl "180+1"]
[EndTime "10:38:38 PST"]
[Termination "sopo-tereladze won on time"]

1. d4 d5 2. Nf3 Nc6 3. Bf4 Bg4 4. h3 Bxf3 5. exf3 e6 6. c3 Bd6 7. Qd2 Nge7 8. Bd3 O-O 9. O-O Ng6 10. Be3 e5 11. Bxg6 hxg6 12. dxe5 Bxe5 13. f4 Bf6 14. Na3 d4 15. cxd4 Bxd4 16. Rad1 Bxe3 17. Qxe3 Qf6 18.
Nb5 Qxb2 19. Nxc7 Rad8 20. a3 Nd4 21. Qe4 b6 22. Kh2 Nf5 23. Nd5 Qxa3 24. Rd3 Qc5 25. Rfd1 Rde8 26. Qf3 Ne7 27. Ne3 Qc6 28. Qg4 Qe6 29.
Qf3 Qc6 30. Qg4 Qc8 31. Rd7 a5 32. f5 Nxf5 33. Nxf5 gxf5 34. Qxf5 Qc5 35. R1d5 Qb4 36. Rd4 Qb3 37. Rh4 1-0

[Event "*** Titled Tuesday Blitz"]
[Site "Chess.com"]
[Date "2020.12.01"]
[Round "4"]
[White "Aleksandar-Topalov"]
[Black "HanSchut"]
[Result "1-0"]
[WhiteElo "2415"]
[BlackElo "2207"]
[TimeControl "180+1"]
[EndTime "10:38:38 PST"]
[Termination "Aleksandar-Topalov won on time"]

1. b3 e5 2. Bb2 Bd6 3. c4 Qe7 4. e4 c6 5. g3 Bc7 6. Bg2 d6 7. Ne2 f5 8. d3 Nf6 9. O-O O-O 10. Nbc3 Na6 11. Qd2 Nc5 12. Rae1 fxe4 13. dxe4 Ne6 14. f4 Nd4 15. Nxd4 exd4 16. Nd1 c5 17. Nf2 Ng4 18.
b4 Ne3 19. Rxe3 dxe3 20. Qxe3 cxb4 21. Qb3 a5 22. Nd3 Be6 23. f5 Bf7 24. Nf4 b5 25.
Nd5 Bxd5 26. cxd5 Rac8 27. Qd3 Qd7 28. Kh1 Bb6 29. g4 Rc4 30. g5 Qa7 31. f6 Bd4 32. Bxd4 Qxd4 33. Qg3 Qe5 34. Qg4 Qxd5 35. g6 h6 36. f7+ Kh8 37. exd5 Rxg4 38. Re1 Rc4 39. Bh3 1-0

[Event "*** Titled Tuesday Blitz"]
[Site "Chess.com"]
[Date "2020.12.01"]
[Round "4"]
[White "emiliochess"]
[Black "Shockerlover"]
[Result "1-0"]
[WhiteElo "2354"]
[BlackElo "1886"]
[TimeControl "180+1"]
[EndTime "10:38:38 PST"]
[Termination "emiliochess won by resignation"]

1. d4 g6 2. Bf4 Bg7 3. e3 d6 4. Nf3 Nf6 5. h3 O-O 6. c4 Nc6 7. Nc3 Nh5 8. Bh2 e5 9. d5 Ne7 10. Be2 Nf6 11. e4 Nd7 12. O-O f5 13.
Ng5 Nc5 14. b4 h6 15. bxc5 hxg5 16. cxd6 cxd6 17. Qb3 g4 18. hxg4 fxg4 19. c5 Kh7 20. cxd6 Qxd6 21. Nb5 Qf6 22. Nc7 Rb8 23. Bg3 g5 24.
Qd1 Ng6 25. Bxg4 Nf4 26. Bxc8 Rbxc8 27. Bxf4 gxf4 28. Ne6 Rg8 29. Qh5+ Bh6 30. Rac1 f3 31. Rxc8 fxg2 32. Rc7+ Kh8 33. Re1 a6 34. Rf7 Qg6 35. Qxg6 Rxg6 36. Rf3 Bf8 37. Nxf8 Kg7 38. Nxg6 Kxg6 39.
Rf5 Kh6 40. Rc1 1-0

[Event "*** Titled Tuesday Blitz"]
[Site "Chess.com"]
[Date "2020.12.01"]
[Round "4"]
[White "Mostii"]
[Black "Buffy7"]
[Result "0-1"]
[WhiteElo "2477"]
[BlackElo "2679"]
[TimeControl "180+1"]
[EndTime "10:38:39 PST"]
[Termination "Buffy7 won on time"]

1. d4 d5 2. Nf3 Nf6 3. g3 g6 4. Bg2 Bg7 5. O-O O-O 6. b3 c6 7. Bb2 a5 8. Nbd2 a4 9. c4 b5 10. Ne5 Qb6 11. c5 Qc7 12. b4 Nfd7 13. f4 Nxe5 14. fxe5 Bf5 15. e4 dxe4 16. Nxe4 Na6 17. a3 Qd7 18. Qe2 Nc7 19. Nc3 Be6 20. Rf2 Rad8 21. Rd1 Bc4 22. Qe1 Nd5 23. Nxd5 Bxd5 24.
Qf1 Bxg2 25. Qxg2 Bxe5 26. Rfd2 Bg7 27. Kh1 e6 28. h4 Qd5 29. Kh2 Qxg2+ 30. Kxg2 Rd5 31.
Kf3 Rfd8 32. Ke4 f5+ 33. Kf3 e5 34. Re1 e4+ 35. Kg2 Bxd4 36. Bxd4 Rxd4 37. Rxd4 Rxd4 38. Re3 Kf7 39. Kf2 Ke6 40. g4 f4 41. Rc3 Ke5 42. g5 Rd2+ 43. Ke1 e3 44. h5 gxh5 45. Rc1 h4 46. Kf1 f3 47. Kg1 h3 48. Kh1 Kf4 49. g6 hxg6 50. Rg1 f2 51. Rf1 g5 52. Rc1 g4 0-1

[Event "*** Titled Tuesday Blitz"]
[Site "Chess.com"]
[Date "2020.12.01"]
[Round "4"]
[White "DinaBelenkaya"]
[Black "Meri-Arabidze"]
[Result "0-1"]
[WhiteElo "2398"]
[BlackElo "2620"]
[TimeControl "180+1"]
[EndTime "10:38:39 PST"]
[Termination "Meri-Arabidze won on time"]

1. e4 c5 2. Nc3 e6 3. g3 Nc6 4. Bg2 g6 5. Nge2 Bg7 6. d3 Nge7 7. Bg5 d6 8. Qd2 h6 9. Be3 Nd4 10. O-O Rb8 11. Nc1 b5 12. Nd1 b4 13. c3 bxc3 14. bxc3 Ndc6 15. Ne2 Ba6 16. Nb2 h5 17. Nc4 Bxc4 18.
dxc4 O-O 19. Rfd1 Ne5 20. Qxd6 Qxd6 21. Rxd6 Nxc4 22. Rd7 Nxe3 23. Rxe7 Nxg2 24. Kxg2 Rb2 25. Kf1 Rd8 26. Rxa7 Rdd2 27. Re1 Bxc3 28. Nxc3 Rxf2+ 29. Kg1 Rg2+ 30. Kh1 Rxh2+ 31. Kg1 Rbg2+ 32. Kf1 Rxg3 33. Ne2 Rgg2 34. Ra3 h4 35. Rf3 h3 36. Ng3 Rxa2 37.
Re2 Ra1+ 38. Re1 Rxe1+ 39. Kxe1 c4 40. Kd1 Rg2 0-1

[Event "*** Titled Tuesday Blitz"]
[Site "Chess.com"]
[Date "2020.12.01"]
[Round "4"]
[White "asms9699"]
[Black "Akmal_Fayzullaev"]
[Result "1-0"]
[WhiteElo "2600"]
[BlackElo "2368"]
[TimeControl "180+1"]
[EndTime "10:38:39 PST"]
[Termination "asms9699 won on time"]

1. c4 Nf6 2. g3 g6 3. Bg2 Bg7 4.
Nf3 O-O 5. O-O d6 6. Nc3 Nc6 7.
d3 h6 8. Rb1 a5 9. a3 e5 10. b4 axb4 11. axb4 Be6 12. b5 Ne7 13. Nd2 Qc8 14. Bb2 Bh3 15. Qb3 Kh7 16. Ra1 Rb8 17. Ra7 Qf5 18. Nde4 Bxg2 19. Kxg2 Nxe4 20. dxe4 Qd7 21. Rd1 f5 22. Qc2 Nc8 23. Raa1 Qe6 24. exf5 gxf5 25. Nd5 c6 26. bxc6 bxc6 27. Ne3 Kg8 28.
Nf1 f4 29. Rab1 Ne7 30. Ba1 d5 31. Rxb8 Rxb8 32. cxd5 cxd5 33. Rb1 Rc8 34. Qb2 Kh7 35. Rc1 Rxc1 36. Qxc1 Ng6 37. Nd2 1-0

[Event "*** Titled Tuesday Blitz"]
[Site "Chess.com"]
[Date "2020.12.01"]
[Round "4"]
[White "DrMamaliga"]
[Black "kingofthenil"]
[Result "0-1"]
[WhiteElo "2344"]
[BlackElo "2743"]
[TimeControl "180+1"]
[EndTime "10:38:39 PST"]
[Termination "kingofthenil won by resignation"]

1. c4 Nf6 2. Nf3 e6 3. b3 a5 4.
g3 a4 5. Bg2 axb3 6. Qxb3 Be7 7. Bb2 O-O 8. O-O d5 9. e3 dxc4 10. Qxc4 b5 11. Qb3 Bb7 12. d4 Nbd7 13. Rc1 Rb8 14.
Nc3 c5 15. dxc5 Nxc5 16. Qd1 Nd3 17. Rc2 b4 18. Rd2 Nxb2 19. Rxd8 Nxd1 20. Rxf8+ Kxf8 21. Nxd1 Ne4 22. Rb1 Bd5 23. Nd4 Ra8 24. Rb2 f5 25.
Bxe4 fxe4 26. Nb3 Bf6 27. Rd2 Bxb3 28. axb3 Ra1 29. Kg2 Rb1 30. f3 Rxb3 31. fxe4 Rb1 32. Nf2 b3 33. Nd3 Bc3 34. Rf2+ Ke7 35. Kh3 Rd1 36. Nb2 Rd2 37. Rxd2 Bxd2 38. Nc4 Bxe3 39.
Kg4 Bd4 40. Na3 b2 41. Kf3 Bc5 42. Nb1 Kf6 43. Ke2 Ke5 44. Kd3 Bb4 45. h3 h5 46.
Ke3 g5 47. Kd3 g4 48. hxg4 hxg4 49. Ke3 Bc5+ 50. Kd3 Bf2 51. Kc2 Kxe4 0-1

[Event "*** Titled Tuesday Blitz"]
[Site "Chess.com"]
[Date "2020.12.01"]
[Round "4"]
[White "Matibar"]
[Black "Shield12"]
[Result "1/2-1/2"]
[WhiteElo "2745"]
[BlackElo "2929"]
[TimeControl "180+1"]
[EndTime "10:38:40 PST"]
[Termination "Game drawn by agreement"]

1. a3 e5 2. e4 Nf6 3. Nc3 d5 4. exd5 Nxd5 5. Bc4 Nxc3 6. Qf3 Qf6 7. bxc3 Nc6 8. Qxf6 gxf6 9. Ne2 Rg8 10. O-O Be6 11. Bxe6 fxe6 12. d3 Kf7 13. Be3 b6 14. f3 f5 15. Kf2 h5 16. g3 h4 17. a4 Be7 18.
Rg1 Rg6 19. g4 h3 20. gxf5 Bh4+ 21. Kf1 Rf6 22. Rg4 Rh8 23. Rxh4 Rxh4 24. Bg5 Rh8 25. Bxf6 Kxf6 26. fxe6 Kxe6 27. Kf2 Ne7 28. Rg1 Nd5 29. Rg6+ Kf7 30. Rc6 Rg8 31. Ng3 Rg6 32. Rxg6 Kxg6 33. Ne4 Kf5 34. c4 Nb4 35. Ke2 Nxc2 36. Nf2 Nd4+ 37. Ke3 Ne6 38. Nxh3 Nc5 39. f4 Nxa4 40. fxe5 Kxe5 41. Nf4 c6 42. h4 b5 43. cxb5 cxb5 44. h5 Nb6 45. h6 Kf6 46. Kd4 b4 47. Ne2 Kg6 48. Kc5 b3 49. Nc3 b2 50. Nb1 Kxh6 51.
Kb4 1/2-1/2

[Event "*** Titled Tuesday Blitz"]
[Site "Chess.com"]
[Date "2020.12.01"]
[Round "4"]
[White "AryanTari"]
[Black "awesomevishesh"]
[Result "1-0"]
[WhiteElo "2914"]
[BlackElo "2552"]
[TimeControl "180+1"]
[EndTime "10:38:40 PST"]
[Termination "AryanTari won on time"]

1. Nf3 Nf6 2. b3 g6 3. Bb2 Bg7 4. g3 O-O 5. Bg2 d6 6. d4 c5 7. O-O cxd4 8. Nxd4 d5 9. c4 dxc4 10. bxc4 Qb6 11. Qc1 Rd8 12. c5 Qa5 13. Nd2 Nd5 14. N4b3 Qc7 15. Bxg7 Kxg7 16. Nc4 Nc6 17. Qb2+ Kg8 18.
Rfd1 Be6 19. Rac1 Nf6 20. Qc3 Rxd1+ 21. Rxd1 Rd8 22. Rc1 Nd5 23. Qb2 h5 24. h4 Nf6 25.
Ne3 Ng4 26. Qc3 Nxe3 27. Qxe3 Bd5 28. Bh3 e5 29. Bg2 Bxg2 30. Kxg2 Kg7 31. Qe4 Qd7 32. f3 Qd5 33. Qxd5 Rxd5 34. Kf2 a5 35. a4 f5 36.
Rc3 Kf6 37. Ke1 Ke6 38. e4 fxe4 39. fxe4 Rd7 40. Re3 Nd4 41. Rc3 Nxb3 42. Rxb3 Rd4 43. Rb6+ Kd7 44. Rxg6 1-0

[Event "*** Titled Tuesday Blitz"]
[Site "Chess.com"]
[Date "2020.12.01"]
[Round "4"]
[White "YIYUKI"]
[Black "Bulldog167"]
[Result "1-0"]
[WhiteElo "2341"]
[BlackElo "2596"]
[TimeControl "180+1"]
[EndTime "10:38:40 PST"]
[Termination "YIYUKI won on time"]

1. e4 c5 2. Nf3 d6 3. c3 Nf6 4. h3 Nc6 5. Bd3 e5 6. Bc2 Be7 7. O-O g5 8. Nxg5 Rg8 9. h4 h6 10. Nf3 Nh5 11. d3 Bxh4 12. Bxh6 Qf6 13. Be3 Bh3 14. Ne1 O-O-O 15. Qxh5 Rxg2+ 16. Nxg2 Rg8 17. Kh2 Bxg2 18. Rg1 Rh8 19. Qxh8+ Qxh8 20. Kxg2 Be7 21. Nd2 Nd4 22. cxd4 cxd4 23. Nc4 dxe3 24. Nxe3 Bg5 25. Kf3 Bxe3 26. Kxe3 Qh6+ 27. Ke2 Kd7 28. Rg3 Qh5+ 29. Kd2 Qh6+ 30. Kc3 Qf4 31. Rf1 d5 32. b3 d4+ 33. Kb2 Qd2 34. Rgg1 Qc3+ 35. Kb1 Kc6 36. Rc1 Kb5 37. Rg3 Kb4 38. Bd1 Qd2 39. Rc4+ Kb5 40. a4+ Ka5 41. Bc2 1-0

[Event "*** Titled Tuesday Blitz"]
[Site "Chess.com"]
[Date "2020.12.01"]
[Round "4"]
[White "zverr1"]
[Black "Marty435"]
[Result "1-0"]
[WhiteElo "2482"]
[BlackElo "2644"]
[TimeControl "180+1"]
[EndTime "10:38:41 PST"]
[Termination "zverr1 won by resignation"]

1. d4 d5 2. c4 e6 3. Nc3 c6 4.
Nf3 Nf6 5. e3 Nbd7 6. Qc2 Bd6 7.
g4 dxc4 8. Bxc4 b5 9. Bd3 Bb7 10. g5 Nd5 11. Ne4 Be7 12. a3 Qb6 13. Bd2 a5 14. Rc1 Rc8 15. Nc5 Nxc5 16. dxc5 Qc7 17. b4 axb4 18. axb4 Ra8 19. Qb2 O-O 20. h4 Rfd8 21.
Qc2 Kf8 22. h5 e5 23. e4 Nf4 24. Bxf4 exf4 25. e5 Ra3 26. Rd1 Qc8 27. Bf5 Rxd1+ 28.
Kxd1 Qa8 29. Nd2 Bc8 30. Bxh7 Bg4+ 31. f3 Ra1+ 32. Ke2 Rxh1 33. fxg4 Rh2+ 34. Kd3 Bxg5 35. Nf3 Qa3+ 36. Qc3 Qxc3+ 37. Kxc3 Rh3 38. Be4 Bh4 39.
Bxc6 Be1+ 40. Kb3 Ke7 41. g5 Ke6 42. Bb7 Bf2 43. Bc8+ Kd5 44. Bxh3 Ke4 45. Bg2 Ke3 46. h6 gxh6 47. gxh6 Ke2 48. h7 Bxc5 49. bxc5 1-0